 Dungeon Crawl Stone Soup version 0.29-a0-1008-g949cc1d0fb (webtiles) character file.

Game seed: 3256447672368654087

387 Tef the Shield-Bearer (level 7, -2/52 HPs)
             Began as a Formicid Fighter on Aug 8, 2022.
             Slain by a hound (5 damage)
             ... on level 5 of the Dungeon.
             The game lasted 00:08:25 (4586 turns).

Tef the Shield-Bearer (Formicid Fighter)            Turns: 4586, Time: 00:08:26

Health: -2/52      AC:  7    Str: 22    XL:     7   Next: 7%
Magic:  7/7        EV:  9    Int:  8    God:
Gold:   188        SH:  5    Dex: 13    Spells: 6/6 levels left

rFire   + . .      SeeInvis +   d - +0 war axe (chaos)
rCold   + . .      Faith    .   c - +0 buckler
rNeg    . . .      Spirit   .   b - +0 scale mail
rPois   +          Reflect  .   (helmet unavailable)
rElec   +          Harm     .   (no cloak)
rCorr   +          Rampage  .   (no gloves)
Will    .....                   (no boots)
Stlth   ..........              (no amulet)
HPRegen 0.17/turn               s - ring of poison resistance
MPRegen 0.10/turn               (no ring)

@: brilliant, resistant
A: permanent stasis, dig shafts and tunnels, antennae 3, four strong arms
a: Dig, Shaft Self


You were on level 5 of the Dungeon.
You visited 1 branch of the dungeon, and saw 5 of its levels.

You collected 188 gold pieces.

Inventory:

Hand Weapons
 a - a +0 war axe
 d - a +0 war axe of chaos (weapon)
Armour
 b - a +0 scale mail (worn)
 c - a +0 buckler (worn)
Jewellery
 s - a ring of poison resistance (left hand)
Wands
 p - a wand of digging (4)
 q - a wand of paralysis (9)
Scrolls
 e - a scroll of amnesia {unknown}
 f - a scroll of teleportation {unknown}
 m - a scroll of enchant armour {unknown}
 n - a scroll of brand weapon
 u - a scroll of identify {unknown}
Potions
 g - 2 potions of brilliance
 i - a potion of invisibility {unknown}
 j - a potion of ambrosia {unknown}
 k - 2 potions of heal wounds {unknown}
 l - a potion of lignification {unknown}
 o - 2 potions of curing {unknown}
 r - a potion of mutation {unknown}
 t - a potion of haste {unknown}


   Skills:
 - Level 3.2 Fighting
 + Level 4.3 Axes
 + Level 5.3 Armour
 + Level 6.4 Shields


You had 6 spell levels left.
You didn't know any spells.
Your spell library contained the following spells:

 Spells                   Type           Power      Damage    Failure   Level
 Poisonous Vapours        Pois/Air       0%         N/A       89%         2
 Corpse Rot               Necr/Pois/Air  0%         N/A       100%        4
 Freezing Cloud           Conj/Ice/Air   0%         6-21      100%        5
 Simulacrum               Ice/Necr       0%         N/A       100%        6
 Polar Vortex             Ice            0%         N/A       100%        9


Dungeon Overview and Level Annotations

Branches:
Dungeon (5/15)
 Temple: D:4-7

Altars:
Dithmenos
Qazlal
Wu Jian

Annotations:
D:4 3 runed translucent doors, gdog's ghost, novice GnDe


Innate Abilities, Weirdness & Mutations

You cannot be hasted, slowed, berserked, paralysed or teleported.
You can dig through walls and to a lower floor.
You have a pair of large antennae on your head. (SInv)
Your four strong arms can wield two-handed weapons with a shield.


Message History

The hound is lightly wounded.
You block the hound's attack. The hound bites you.
The hound bites you but does no damage.
You miss the hound.
The hound is lightly wounded.
The hound bites you but does no damage. You block the hound's attack.
The hound bites you but does no damage.
You barely miss the hound.
The hound is lightly wounded.
The hound bites you. You block the hound's attack. The hound bites you.
You hit the hound.
The hound resists with some effort.
The hound is lightly wounded.
You block the hound's attack. The hound bites you but does no damage.
The hound completely misses you.
You slash the hound!
The hound is severely wounded.
You block the hound's attack. The hound closely misses you.
The hound bites you.
You barely miss the hound.
The hound is severely wounded.
The hound bites you. The hound misses you.
You closely miss the hound.
The hound is severely wounded.
The hound bites you. x2
* * * LOW HITPOINT WARNING * * *
The hound bites you but does no damage.
It was a potion of brilliance.
You feel clever all of a sudden. The hound closely misses you.
You block the hound's attack. The hound bites you!
* * * LOW HITPOINT WARNING * * *
It was a potion of resistance.
You feel protected. The hound completely misses you.
You block the hound's attack.
You barely miss the hound.
The hound is severely wounded.
The hound bites you.
* * * LOW HITPOINT WARNING * * *
The hound bites you.
You die...

{ ...##.....##
####.###..#..##
.....##..###..#
#......###... #
#..##...#..#. #
#..........## #
#..######### #
########..# #
#..@h.....# #
#.#####...# # #.# #...#
# #.#####...# #
#[.......... #
##.#######.###
#############..........#
..........†....#########
#############..#


You could see a hound (berserk, agile).

Vanquished Creatures
  A howler monkey (D:5)
  3 hounds
  A jelly (D:5)
  An iguana (D:5)
  An orc wizard (D:3)
  5 adders
  2 worms
  5 dart slugs
  11 orcs
  9 ball pythons
  3 bats
  6 endoplasms
  2 giant cockroaches
  7 goblins
  13 hobgoblins
  7 jackals
  3 quokkas
  8 frilled lizards
  7 kobolds
  6 rats
101 creatures vanquished.

Vanquished Creatures (collateral kills)
  A ball python (D:4)
1 creature vanquished.

Grand Total: 102 creatures vanquished

Notes
Turn   | Place    | Note
-------+----------+-------------------------------------------
     0 | D:1      | Tef the Formicid Fighter began the quest for the Orb.
     0 | D:1      | Reached XP level 1. HP: 18/18 MP: 1/1
    49 | D:1      | Found a faded altar of an unknown god.
   354 | D:1      | Reached XP level 2. HP: 18/24 MP: 2/2
   668 | D:1      | Reached XP level 3. HP: 29/29 MP: 3/3
  1337 | D:2      | Reached XP level 4. HP: 34/35 MP: 4/4
  1393 | D:2      | Reached skill level 5 in Shields
  1950 | D:2      | Identified the +11 dagger "Opsaim" {venom, Will+ rCorr
                  | Dex+4}
  2199 | D:3      | Reached XP level 5. HP: 41/41 MP: 5/5
  3385 | D:4      | Found a stormy altar of Qazlal.
  3408 | D:4      | Noticed an ogre
  3512 | D:4      | Reached XP level 6. HP: 44/47 MP: 6/6
  3617 | D:4      | Found a runed translucent gate.
  3824 | D:4      | Found a runed translucent gate.
  3824 | D:4      | Found a runed translucent gate.
  3824 | D:4      | Noticed gdog's ghost (novice GnDe)
  4119 | D:4      | Found an ornate altar of the Wu Jian Council.
  4346 | D:5      | Entered Level 5 of the Dungeon
  4371 | D:5      | Reached skill level 5 in Armour
  4371 | D:5      | Reached skill level 6 in Shields
  4436 | D:5      | Found a shadowy altar of Dithmenos.
  4460 | D:5      | Reached XP level 7. HP: 20/52 MP: 7/7
  4586 | D:5      | Slain by a hound

Illustrated notes

Levels and vault maps discovered:
D:1:      tarquinn_simple_flora_water_d, layout_basic, basic_ecumenical_altar,
          nicolae_wormholes
D:2:      layout_basic, grunt_ministairs_1, minmay_circle_x
D:3:      layout_basic
D:4:      layout_cave_pods, nicolae_wu_jian_immortal_techniques,
          mainiacjoe_overflow_tiny_flanked, gammafunk_ghost_split, hex_medium,
          minivault_27
D:5:      layout_loops_ring, nicolae_dithmenos_shadow_blocks,
          mainiacjoe_overflow_alcove_1, kennysheep_doodads, uniq_edmund

Skill      XL: |  1  2  3  4  5  6 |
---------------+-------------------+-----
Armour         | 4 5 |  5.3
Axes           | 3 4 |  4.3
Shields        | 5 6 |  6.4
Fighting       | |  3.2

Action                   |  1- 3 |  4- 6 |  7- 9 || total
-------------------------+-------+-------+-------++-------
Melee: War axe           |    67 |   197 |    12 ||   276
  Use: Potion            |       |     1 |     2 ||     3
       Scroll            |       |     2 |       ||     2
 Stab: Paralysed         |       |     1 |       ||     1
Armor: Scale mail        |    28 |    71 |     9 ||   108
Dodge: Dodged            |    35 |    98 |     5 ||   138
Block: Buckler           |    21 |    44 |    11 ||    76

Table legend: (Time is in decaauts)
 A = Elapsed time spent in this place.
 B = Non-inter-level travel time spent in this place.
 C = Inter-level travel time spent in this place.
 D = Time resting spent in this place.
 E = Time spent auto-exploring this place.
 F = Levels seen in this place.
 G = Mean time per level.
                   A        B        C        D        E       F      G
               +--------+--------+--------+--------+--------+-----+--------+
         Total |   4689 |   4540 |    149 |    365 |   3431 |   5 |  937.8 |
       Dungeon |   4689 |   4540 |    149 |    365 |   3431 |   5 |  937.8 |
               +--------+--------+--------+--------+--------+-----+--------+

Top non-repeatable levels by time:
     D:3: 1382 daAuts
     D:1: 1344 daAuts
     D:4: 904 daAuts
     D:2: 806 daAuts
     D:5: 252 daAuts
